 Dungeon Crawl Stone Soup version 0.29.0-13-gc9e81de378 (webtiles) character file.

Game seed: 2444915960265748106

349 Ordine the Covert (level 6, -2/28 HPs)
             Began as a Spriggan Enchanter on Sept 7, 2022.
             Slain by a gnoll
             ... wielding a +0 flail
              (7 damage)
             ... on level 4 of the Dungeon.
             The game lasted 00:07:36 (4483 turns).

Ordine the Covert (Spriggan Enchanter)              Turns: 4483, Time: 00:07:37

Health: -2/28      AC:  2    Str:  4    XL:     6   Next: 33%
Magic:  2/11       EV: 17    Int: 19    God:
Gold:   196        SH:  0    Dex: 15    Spells: 6/11 levels left

rFire   . . .      SeeInvis +   n - +2 dagger (pain)
rCold   . . .      Faith    .   (no shield)
rNeg    . . .      Spirit   .   b - +0 robe
rPois   +          Reflect  .   (helmet restricted)
rElec   .          Harm     .   (no cloak)
rCorr   .          Rampage  .   (gloves unavailable)
Will    +....                   (boots unavailable)
Stlth   ++++......              (no amulet)
HPRegen 0.09/turn               p - ring of poison resistance
MPRegen 0.12/turn               (no ring)

@: invisible, very quick
A: very small, no large weapons, unfitting armour, see invisible, speed 3
a: no special abilities


You were on level 4 of the Dungeon.
You visited 1 branch of the dungeon, and saw 4 of its levels.

You collected 196 gold pieces.

Inventory:

Hand Weapons
 n - a +2 dagger of pain (weapon)
Missiles
 d - 7 poisoned darts (quivered)
Armour
 b - a +0 robe (worn)
Jewellery
 p - a ring of poison resistance (left hand)
Wands
 j - a wand of polymorph (5)
 m - a wand of roots (10)
Scrolls
 f - a scroll of poison {unknown}
 g - 4 scrolls of identify {unknown}
 h - 2 scrolls of immolation {unknown}
 i - a scroll of teleportation {unknown}
 k - 2 scrolls of blinking {unknown}
 o - a scroll of amnesia {unknown}
 r - a scroll of vulnerability {unknown}
Potions
 a - a potion of might {unknown}
 c - a potion of invisibility
 e - 3 potions of curing {unknown}
 l - a potion of ambrosia {unknown}
 q - 2 potions of resistance {unknown}
 s - a potion of heal wounds {unknown}


   Skills:
 + Level 4.9 Short Blades
 - Level 2.6 Dodging
 - Level 8.0 Stealth
 + Level 3.1 Spellcasting
 + Level 4.0 Hexes


You had 6 spell levels left.
You knew the following spells:

 Your Spells              Type           Power      Damage    Failure   Level
a - Ensorcelled Hibernat  Hex/Ice        20%        N/A       10%         2
b - Confusing Touch       Hex            18%        N/A       9%          3

Your spell library contained the following spells:

 Spells                   Type           Power      Damage    Failure   Level
 Tukima's Dance           Hex            18%        N/A       9%          3
 Dazzling Flash           Conj/Hex       20%        N/A       21%         3
 Poisonous Vapours        Pois/Air       6%         N/A       22%         2
 Corpse Rot               Necr/Pois/Air  3%         N/A       83%         4


Dungeon Overview and Level Annotations

Branches:
Dungeon (4/15)
 Temple: D:4-7

Altars:
Wu Jian


Innate Abilities, Weirdness & Mutations

You are very small and have problems with some larger weapons.
You are too small for most types of armour.
You have supernaturally acute eyesight. (SInv)
You cover ground extremely quickly. (Speed+++)


Message History

Confirm with . or Enter, or press ? or * to list all spells.
Aiming: Ensorcelled Hibernation (safe; 10% risk of failure)
Press: ? - help, Shift-Dir - straight line, f/p - gnoll
Aim: a gnoll, wielding a +0 flail (lightly wounded, chance to affect: 52%)
The gnoll resists with significant effort.
You see here a scroll labelled YKANIRR BEELA.
k - 2 scrolls labelled YKANIRR BEELA (gained 1)
You open the door.
A hobgoblin comes into view. It is wielding a +0 scythe.
There is an open door here.
The helpless hobgoblin fails to defend itself.
You spit the hobgoblin like a pig!!!
You kill the hobgoblin!
The gnoll barely misses you.
Things that are here:
a +0 scythe; a +0 robe; a hobgoblin corpse You hit the gnoll.
The gnoll is lightly wounded.
You closely miss the gnoll.
The gnoll is lightly wounded.
The gnoll barely misses you. The gnoll closely misses you.
You closely miss the gnoll.
The gnoll is lightly wounded.
The gnoll hits you from afar with a +0 spear.
The gnoll hits you with a +0 flail!
You hit the gnoll but do no damage.
The gnoll is lightly wounded.
You hit the gnoll.
The gnoll is heavily wounded.
The gnoll barely misses you. The gnoll misses you.
You hit the gnoll.
The gnoll is severely wounded.
The gnoll hits you from afar with a +0 spear.
* * * LOW HITPOINT WARNING * * *
The gnoll hits you from afar with a +0 spear.
* * * LOW HITPOINT WARNING * * *
The gnoll closely misses you.
You fade into invisibility!
The gnoll closely misses you. x2; The gnoll hits you with a +0 flail!
You die...

<..=.# ##+## #......# ..##)#
##...## ####.### )###.#
##.....## ###.##### )##..#
##.......###.......#
.#...####.........##.#...#.#
........+.........'........#
<#...####.....######.#...#.#
.....# ##....#...##.##..#.#
.##### ##...#.@.##.###.#.#
.# ##..##g###.###.#.# .#
##'#.gg.........# .#
#.#....#####.### .# #.######
#.# .# ##.## #.# ####...##
#g# #.......# #†# ##.##....#
#g#


You could see 3 gnolls.

Vanquished Creatures
  A sky beast (D:3)
  A gnoll bouda (D:3)
  Ijyb (D:2)
  An iguana (D:4)
  An orc wizard (D:3)
  5 gnolls (D:4)
  4 adders
  A worm (D:2)
  A dart slug (D:1)
  2 orcs (D:3)
  5 endoplasms
  5 giant cockroaches
  10 goblins
  10 hobgoblins
  2 jackals (D:1)
  A kobold (D:1)
  3 ball pythons
  5 bats
  4 frilled lizards (D:3)
  5 rats
68 creatures vanquished.

Notes
Turn   | Place    | Note
-------+----------+-------------------------------------------
     0 | D:1      | Ordine the Spriggan Enchanter began the quest for the Orb.
     0 | D:1      | Reached XP level 1. HP: 9/9 MP: 5/5
   403 | D:1      | Reached XP level 2. HP: 13/13 MP: 6/6
   406 | D:1      | Learned a level 2 spell: Ensorcelled Hibernation
   422 | D:1      | Reached skill level 5 in Stealth
   445 | D:1      | You fall into a shaft and drop 1 floor!
   459 | D:2      | Found an ornate altar of the Wu Jian Council.
  1332 | D:1      | Reached XP level 3. HP: 16/16 MP: 5/8
  1840 | D:2      | Noticed Ijyb
  2024 | D:2      | Killed Ijyb
  2025 | D:2      | Reached skill level 6 in Stealth
  2189 | D:2      | Found a faded altar of an unknown god.
  2269 | D:2      | Reached XP level 4. HP: 21/21 MP: 9/9
  3205 | D:3      | Noticed a sky beast
  3221 | D:3      | Killed a sky beast
  3222 | D:3      | Reached skill level 7 in Stealth
  3222 | D:3      | Reached XP level 5. HP: 24/24 MP: 3/10
  3986 | D:4      | Reached skill level 8 in Stealth
  4004 | D:3      | Reached XP level 6. HP: 22/28 MP: 0/11
  4413 | D:4      | Learned a level 3 spell: Confusing Touch
  4483 | D:4      | Slain by a gnoll

Illustrated notes

Levels and vault maps discovered:
D:1:      dpeg_arrival_radiant, layout_loops_corners, kennysheep_minor_cross
D:2:      kennysheep_the_goblin_king, layout_basic, basic_altar,
          dreamdust_ecumenical_altar_angels_and_demons
D:3:      layout_loops_ring, kennysheep_generic_room_7
D:4:      layout_loops_corners, nicolae_qazlal_general_emergency, slow_altar_2,
          lemuel_crystal_altar, sigmund_army

Skill      XL: |  1  2  3  4  5  6 |
---------------+-------------------+-----
Stealth        | 5 6 7 8 |  8.0
Short Blades   | 2 3 4 |  4.9
Spellcasting   | 3 |  3.1
Hexes          | 4 |  4.0
Dodging        | |  2.6

Action                   |  1- 3 |  4- 6 || total
-------------------------+-------+-------++-------
Melee: Dagger            |    87 |    75 ||   162
       Unarmed           |     1 |       ||     1
       Punch             |       |     2 ||     2
 Cast: Ensorcelled Hiber |    13 |    36 ||    49
  Use: Potion            |       |     1 ||     1
 Stab: Sleeping          |    15 |    26 ||    41
Armor: Robe              |     4 |     2 ||     6
Dodge: Dodged            |    48 |    66 ||   114
